 Dungeon Crawl Stone Soup version 0.31-a0-188-g5e087ee2ca (webtiles) character file.

Game seed: 10161740607078696103

35 qw the Shooter (level 3, -1/20 HPs)
             Began as a Deep Elf Hunter on June 23, 2023.
             Slain by a kobold
             ... wielding a +2 dagger of venom
              (2 damage)
             ... on level 2 of the Dungeon.
             The game lasted 00:00:24 (1388 turns).

qw the Shooter (Deep Elf Hunter)                    Turns: 1388, Time: 00:00:25

Health: -1/20      AC:  3    Str: 10    XL:     3   Next: 16%
Magic:  5/5        EV: 12    Int: 13    God:
Gold:   113        SH:  0    Dex: 18    Spells: 2/2 levels left

rFire   . . .        Y - +0 shortbow
rCold   . . .        (shield currently unavailable)
rNeg    . . .        c - +0 leather armour
rPois   .            (no helmet)
rElec   .            (no cloak)
rCorr   .            (no gloves)
SInv    .            (no boots)
Will    .....        (no amulet)
Stlth   ++           (no ring)
HPRegen 0.23/turn    (no ring)
MPRegen 0.09/turn

%: no passive effects
@: lethally poisoned (-1 -> -16)
A: no striking features
a: no special abilities


You were on level 2 of the Dungeon.
You visited 1 branch of the dungeon, and saw 2 of its levels.

You collected 113 gold pieces.


   Skills:
 - Level 1.5 Fighting
 + Level 6.7 Ranged Weapons
 - Level 2.4 Dodging
 - Level 1.2 Stealth


You had 2 spell levels left.
You didn't know any spells.
Your spell library was empty.

Inventory:

Hand Weapons
 Y - a +0 shortbow (weapon)
Armour
 c - a +0 leather armour (worn)
Scrolls
 a - a scroll of revelation {unknown}
 b - a scroll of identify
 f - a scroll of fear {unknown}
 i - a scroll of enchant weapon {unknown}
Potions
 d - a potion of cancellation {unknown}
 e - a potion of invisibility {unknown}
 g - a potion of curing {unknown}
 h - a potion of mutation {unknown}
 j - a potion of might {unknown}

Dungeon Overview and Level Annotations

Branches:
Dungeon (2/15)

Altars:


Message History

You shoot an arrow. The kobold shouts!
The arrow hits the kobold but does no damage.
A kobold comes into view. It is wielding a +0 whip.
You shoot an arrow. The arrow hits the kobold.
The kobold is severely wounded.
You shoot an arrow.
The arrow hits the kobold but does no damage.
The kobold is severely wounded.
The kobold misses you.
You shoot an arrow. The arrow barely misses the kobold. x2
The arrow hits the kobold.
You kill the kobold!
The kobold closely misses you.
You shoot an arrow. The arrow barely misses the kobold.
The arrow hits the kobold.
The kobold is moderately wounded.
The kobold barely misses you.
The kobold hits you with a +0 short sword.
The kobold hits you but does no damage.
You shoot an arrow. The arrow barely misses the kobold.
The arrow closely misses the kobold.
The kobold misses you. The kobold hits you with a +0 dagger.
You shoot an arrow. The arrow closely misses the kobold.
The arrow hits the kobold but does no damage.
The kobold hits you with a +0 short sword.
The kobold closely misses you. The kobold misses you.
The kobold hits you with a +2 dagger of venom.
You are poisoned.
The kobold throws a stone.
The stone barely misses you.
The kobold hits you with a +0 short sword.
The kobold hits you but does no damage.
The kobold hits you with a +2 dagger of venom.
You are more poisoned.
You shoot an arrow. The arrow closely misses the kobold.
You feel very sick. The kobold misses you.
The kobold hits you with a +0 short sword.
The kobold hits you with a +2 dagger of venom.
You die...

.......#....#####
.......#....+>...
.......#....#####
.......+........[
..#############....###..
.......).............'..
..#.....##############..
.....##.### #..
......K@K.# #..
...###KKK## #.. ## #.K.#
#.. .!).. ### ?......
######### #.......#
#........ #.......#
#.####### #.......#
#.##..... #.#......


You could see 6 kobolds.

Vanquished Creatures
  5 ball pythons (D:1)
  7 bats
  5 endoplasms
  3 goblins
  4 hobgoblins
  4 kobolds
  A frilled lizard (D:2)
29 creatures vanquished.

Notes
Turn   | Place    | Note
-------+----------+-------------------------------------------
     0 | D:1      | qw the Deep Elf Hunter began the quest for the Orb.
     0 | D:1      | Reached XP level 1. HP: 12/12 MP: 3/3
     0 | D:1      | 0 ||| qw: Version: 0.3-a-9-g12657ce
     0 | D:1      | 0 ||| qw: Game counter: 3486
     0 | D:1      | 0 ||| qw: Always use a shield: true
     0 | D:1      | 0 ||| qw: God list: Okawaru
     0 | D:1      | 0 ||| qw: Allow faded altars: false
     0 | D:1      | 0 ||| qw: Do Orc after D:15 true
     0 | D:1      | 0 ||| qw: Do second Lair branch before Depths: true
     0 | D:1      | 0 ||| qw: Lair rune preference: random
     0 | D:1      | 0 ||| qw: Plans: Normal
     0 | D:1      | 0 ||| PLANNING D:1-11
    64 | D:1      | Reached skill level 6 in Ranged Weapons
    64 | D:1      | Reached XP level 2. HP: 16/16 MP: 4/4
   760 | D:1      | 760 ||| READING scroll labelled LYALASTR FETEU.
   761 | D:1      | 761 ||| READING scroll labelled PUMUZX ZOMOI.
   762 | D:1      | 762 ||| READING scroll labelled KAGUTR XAORRONOGG.
   763 | D:1      | 763 ||| DRINKING 2 fuming emerald potions.
   772 | D:1      | 772 ||| DROPPING scroll of butterflies.
   773 | D:1      | 773 ||| DROPPING potion of ambrosia.
   895 | D:2      | Reached XP level 3. HP: 20/20 MP: 5/5
   918 | D:2      | Found a faded altar of an unknown god.
  1388 | D:2      | HP: 3/20 [poisoned by a kobold]
  1388 | D:2      | HP: 1/20 [kobold/+0 short sword (2)]
  1388 | D:2      | Slain by a kobold

Levels and vault maps discovered:
D:1:      heliophobic_arrival_glass_houses, layout_basic, serial_park_tiny_1,
          dreamdust_wishing_well, st_stairs_2, minmay_curled_crystal
D:2:      cheibrodos_fertilizer, layout_basic, chequers_ecumenical_altar_simple

Skill      XL: |  1 |
---------------+----+-----
Ranged Weapons | 6 |  6.7
Fighting       | |  1.5
Dodging        | |  2.4
Stealth        | |  1.2

Action                     || total
---------------------------++-------
   Fire: Shortbow          ||    82
    Use: Scroll            ||     3
         Potion            ||     1
 Armour: Leather armour    ||    11
  Dodge: Dodged            ||    27

Table legend:
 A = Non-vault XP
 B = Vault XP
 C = Vault XP percentage of total XP
 D = Non-vault monster count
 E = Vault monster count
 F = Vault count percentage of total count
                 A         B        C        D         E       F
            +---------+---------+-------+---------+---------+-------
      Total |      45 |       5 |  10.0 |      26 |       3 |  10.3
            +---------+---------+-------+---------+---------+-------
        D:1 |      33 |       4 |  10.8 |      19 |       2 |   9.5
        D:2 |      12 |       1 |   7.7 |       7 |       1 |  12.5
            +---------+---------+-------+---------+---------+-------
